 Dungeon Crawl Stone Soup version 0.21.0-24-g2553a33 (webtiles) character file.

11732 tilp the Fighter (level 11, -9/151 HPs)
             Began as a Green Draconian Conjurer on Jan 19, 2018.
             Was a Priest of Vehumet.
             Mangled by an ice devil (21 damage)
             ... in an ice cave.
             The game lasted 00:40:04 (14677 turns).

tilp the Fighter (Green Draconian Conjurer)        Turns: 14677, Time: 00:40:04

Health: -9/151     AC: 25    Str: 10    XL:     11   Next: 53%
Magic:  21/21      EV:  2    Int: 18    God:    Vehumet [***...]
Gold:   274        SH:  0    Dex: 17    Spells: 7/23 levels left

rFire    . . .     SeeInvis .   T - +2 dagger
rCold    . . .     Gourm    .   (no shield)
rNeg     + + +     Faith    .   (armour unavailable)
rPois    +         Spirit   .   (helmet currently unavailable)
rElec    .         Reflect  .   (cloak currently unavailable)
rCorr    .         Harm     .   (gloves currently unavailable)
MR       .....     NoTele   +   (boots currently unavailable)
Stlth    +++.......             K - amulet of magic regeneration
HPRegen  0.35/turn              B - +5 ring of slaying
MPRegen  0.42/turn              r - +4 ring of dexterity

@: tree-form, hasted, very quick
A: (breathe noxious fumes), unfitting armour, AC +7
a: Renounce Religion


You were in an ice cave.
You worshipped Vehumet.
Vehumet was most pleased with you.
You were not hungry.
You were a tree.
You visited 2 branches of the dungeon, and saw 12 of its levels.
You also visited: Ossuary and Ice Cave.

You collected 528 gold pieces.
You spent 254 gold pieces at shops.

Inventory:

Hand Weapons
 C - a +3 halberd
 G - a +3 trident of flaming
 I - a +0 broad axe
 R - a +0 hunting sling
 T - a +2 dagger (weapon)
Missiles
 j - 5 tomahawks (quivered)
 l - 5 tomahawks of returning
 D - 3 throwing nets
 H - 3 steel tomahawks
Armour
 c - a +1 pair of boots (melded)
 L - a +1 hat (melded)
 W - a +0 cloak of poison resistance (melded)
 X - a +2 pair of gloves (melded)
Jewellery
 o - an uncursed ring of resist corrosion
 r - a +4 ring of dexterity (right branch)
 B - a +5 ring of slaying (left branch)
 F - an uncursed ring of protection from fire
 K - an amulet of magic regeneration (around neck)
Wands
 h - a wand of random effects (17)
 x - a wand of enslavement (11)
 y - a wand of clouds (6)
 J - a wand of flame (31)
Scrolls
 d - a scroll of blinking
 e - 8 scrolls of remove curse
 k - a scroll of magic mapping
 n - 4 scrolls of teleportation
 t - a scroll of fear
 A - 4 scrolls of identify
 N - 2 scrolls of immolation
 S - a scroll of summoning
Potions
 f - a potion of brilliance
 g - 2 potions of flight
 p - 4 potions of haste
 q - 2 potions of lignification
 z - 2 potions of curing
 E - 2 potions of agility
 M - a potion of invisibility
Miscellaneous
 Q - a sack of spiders
Comestibles
 b - 17 rations


   Skills:
 - Level 10.4 Fighting
 - Level 2.1 Polearms
 - Level 4.0 Dodging
 - Level 4.3 Stealth
 - Level 6.8 Spellcasting
 - Level 10.0 Conjurations
 + Level 6.3 Necromancy
 - Level 6.0 Evocations


You had 7 spell levels left.
You knew the following spells:

 Your Spells              Type           Power        Failure   Level  Hunger
a - Magic Dart            Conj           ####         1%          1    None
b - Searing Ray           Conj           #####.       1%          2    None
c - Iskenderun's Mystic   Conj           #####...     1%          4    ####...
d - Fulminant Prism       Conj/Hex       ###.......   4%          4    ####...
e - Animate Skeleton      Necr           N/A          1%          1    None
f - Regeneration          Chrm/Necr      ###.......   9%          3    ##.....
g - Flame Tongue          Conj/Fire      ###..        1%          1    None


Dungeon Overview and Level Annotations

Branches:
Dungeon (11/15)            Temple (1/1) D:7            Lair (0/6) D:11
    Orc: D:9-12

Altars:
Ashenzari
Cheibriados
Dithmenos
Elyvilon
Fedhas
Gozag
Hepliaklqana
Kikubaaqudgha
Makhleb
Nemelex Xobeh
Okawaru
Qazlal
Ru
Sif Muna
Trog
Uskayaw
Vehumet
Wu Jian
Xom
Yredelemnul
Zin
The Shining One

Shops:
D:8 [

Annotations:
D:4 exclusion: phantom
D:7 exclusion: two-headed ogre
D:8 exclusion: cyclops


Innate Abilities, Weirdness & Mutations

((You can breathe blasts of noxious fumes.))
((Your lurid green scales are hard. (AC +7)))
You cannot fit into any form of body armour.
((Your system is resistant to poisons. (rPois)))
((You are cold-blooded and may be slowed by cold attacks.))


Message History

The ice devil is heavily wounded.
The ice devil hits you but does no damage.
You hit the ice devil but do no damage.
The ice devil is heavily wounded.
The ice devil hits you but does no damage.
Unknown command.
You hit the ice devil.
The ice devil is severely wounded.
You hit the ice devil but do no damage.
The ice devil is severely wounded.
The ice devil hits you.
* * * LOW HITPOINT WARNING * * *
The ice devil freezes you!!
* * * LOW HITPOINT WARNING * * *
You hit the ice devil but do no damage.
The ice devil is severely wounded.
The ice devil hits you.
* * * LOW HITPOINT WARNING * * *
The ice devil freezes you!!
You die...

#...
#...###
#4..#.#
#+#...#'###
+.......'.#
#.8...8.###
+.......'§#
#.8...8.###
+.......4♣#
#.8...8.###
+.......'.#
####+######


You could see an ice devil.

Vanquished Creatures
  5 two-headed ogres
  2 ugly things (D:11)
  2 gargoyles
  2 trolls
  A hornet (D:9)
  2 wyverns
  12 yaks
  A hungry ghost (D:8)
  Menkaure (Ossuary)
  2 soldier ants (D:9)
  3 orc warriors
  A black bear (D:10)
  A sky beast (D:8)
  4 ogres
  2 phantoms
  A centaur (D:5)
  A crocodile (D:7)
  A big kobold (D:10)
  7 bullfrogs
  A scorpion (D:9)
  6 killer bees
  9 wights
  5 crimson imps
  2 centaur zombies
  A bullfrog zombie (D:7)
  A draconian simulacrum (IceCv)
  8 hounds
  4 jellies
  9 orc priests
  A bullfrog skeleton (D:4)
  3 orc wizards
  Jessica (D:2)
  2 iguanas
  A troll simulacrum (IceCv)
  6 worker ants
  A killer bee zombie (D:7)
  A centaur simulacrum (IceCv)
  A hound skeleton (D:8)
  3 mummies (Ossuary)
  A worker ant zombie (D:5)
  8 gnolls
  11 adders
  A howler monkey skeleton (D:9)
  2 naga simulacra (IceCv)
  4 shadow imps
  12 white imps (D:11)
  An ooze (D:1)
  An adder zombie (D:7)
  3 adder skeletons
  3 worms
  2 dart slugs
  3 leopard geckos
  30 orcs
  A ball python (D:2)
  3 giant cockroaches
  9 goblins
  4 hobgoblins
  11 jackals
  5 quokkas
  6 bats
  6 frilled lizards
  A gnoll skeleton (Ossuary)
  2 gnoll zombies (Ossuary)
  A goblin skeleton (Ossuary)
  A goblin zombie (Ossuary)
  4 hobgoblin skeletons (Ossuary)
  7 hobgoblin zombies (Ossuary)
  7 kobolds
  2 kobold skeletons (Ossuary)
  2 orc skeletons (Ossuary)
  4 orc zombies (Ossuary)
  A quokka skeleton (D:6)
  9 rats
  3 rat skeletons (Ossuary)
  3 rat zombies (Ossuary)
291 creatures vanquished.

Vanquished Creatures (others)
  A gnoll zombie (Ossuary)
  A gnoll skeleton (Ossuary)
  3 goblin zombies (Ossuary)
  A hobgoblin skeleton (Ossuary)
  4 kobold skeletons (Ossuary)
  6 orc skeletons (Ossuary)
  2 orc zombies (Ossuary)
  2 rat zombies (Ossuary)
  A fulminant prism (D:11)
  13 fungi (D:11)
  20 plants (D:11)
54 creatures vanquished.

Grand Total: 345 creatures vanquished

Notes
Turn   | Place    | Note
-------+----------+-------------------------------------------
     0 | D:1      | tilp the Draconian Conjurer began the quest for the Orb.
     0 | D:1      | Reached XP level 1. HP: 14/14 MP: 3/3
   190 | D:1      | Reached XP level 2. HP: 6/20 MP: 5/5
   965 | D:1      | Reached skill level 5 in Conjurations
  1014 | D:1      | Reached XP level 3. HP: 26/26 MP: 3/6
  1342 | D:2      | Found a blossoming altar of Fedhas.
  1375 | D:2      | Learned a level 2 spell: Searing Ray
  1391 | D:2      | Found a deep blue altar of Sif Muna.
  1428 | D:2      | Noticed Jessica
  1481 | D:2      | Killed Jessica
  1628 | D:2      | Found an iron altar of Okawaru.
  1959 | D:2      | Reached XP level 4. HP: 32/33 MP: 7/7
  1976 | D:2      | Found a sparkling altar of Nemelex Xobeh.
  3361 | D:4      | Noticed a phantom
  3413 | D:4      | Reached XP level 5. HP: 38/38 MP: 3/8
  3593 | D:4      | Found a glowing silver altar of Zin.
  3595 | D:4      | Found a basalt altar of Yredelemnul.
  3597 | D:4      | Found an ornate altar of the Wu Jian Council.
  3606 | D:4      | Found an ancient bone altar of Kikubaaqudgha.
  3904 | D:4      | Found a white marble altar of Elyvilon.
  4237 | D:4      | Found a hazy altar of Hepliaklqana.
  4453 | D:4      | Reached XP level 6. HP: 39/45 MP: 4/9
  4758 | D:5      | Entered Level 5 of the Dungeon
  4852 | D:5      | Reached skill level 1 in Fighting
  4884 | D:5      | Your scales start taking on a lurid green colour.
  4884 | D:5      | Reached XP level 7. HP: 41/56 MP: 4/10
  4884 | D:5      | Gained mutation: Your system is resistant to poisons. (rPois) [Green Draconian growth]
  5724 | D:5      | Reached skill level 5 in Fighting
  6004 | D:6      | Found a sand-covered staircase.
  6009 | Ossuary  | Entered an ossuary
  6329 | Ossuary  | Noticed Menkaure
  6402 | Ossuary  | Killed Menkaure
  6402 | Ossuary  | Reached XP level 8. HP: 12/70 MP: 6/12
  7731 | D:6      | Learned a level 4 spell: Iskenderun's Mystic Blast
  8275 | D:7      | Found a staircase to the Ecumenical Temple.
  8290 | Temple   | Entered the Ecumenical Temple
  8489 | Temple   | Became a worshipper of Vehumet
  8677 | D:7      | Noticed a two-headed ogre
  8803 | D:7      | Reached skill level 1 in Evocations
  8954 | D:7      | Reached XP level 9. HP: 63/75 MP: 12/15
 10016 | D:8      | Noticed a cyclops
 10317 | D:8      | Found Meth's Antique Armour Emporium.
 10323 | D:8      | Bought a runed cloak for 127 gold pieces
 10323 | D:8      | Bought a pair of embroidered gloves for 127 gold pieces
 10608 | D:8      | Noticed a two-headed ogre
 10651 | D:8      | Reached * piety under Vehumet
 10651 | D:8      | Offered knowledge of Shock by Vehumet.
 10651 | D:8      | Reached skill level 10 in Conjurations
 10759 | D:8      | Reached skill level 1 in Polearms
 10929 | D:8      | Noticed a two-headed ogre
 10937 | D:8      | Killed a two-headed ogre
 10937 | D:8      | Reached skill level 5 in Spellcasting
 10937 | D:8      | Reached XP level 10. HP: 53/83 MP: 8/18
 11082 | D:8      | Killed a two-headed ogre
 11288 | D:8      | Learned a level 4 spell: Fulminant Prism
 11327 | D:9      | Noticed a two-headed ogre
 11342 | D:9      | Killed a two-headed ogre
 12380 | D:9      | Noticed a two-headed ogre
 12391 | D:9      | Killed a two-headed ogre
 12391 | D:9      | Reached skill level 10 in Fighting
 12531 | D:9      | Learned a level 1 spell: Animate Skeleton
 12541 | D:9      | Learned a level 3 spell: Regeneration
 12638 | D:10     | Entered Level 10 of the Dungeon
 12665 | D:10     | Reached ** piety under Vehumet
 12665 | D:10     | Offered knowledge of Flame Tongue by Vehumet.
 12714 | D:10     | Learned a level 1 spell: Flame Tongue
 12714 | D:10     | Noticed a two-headed ogre
 12722 | D:10     | Killed a two-headed ogre
 12722 | D:10     | Reached skill level 5 in Evocations
 12722 | D:10     | Reached XP level 11. HP: 87/101 MP: 11/21
 13084 | D:10     | Reached skill level 1 in Necromancy
 13185 | D:10     | Found Heda Ont's Jewellery Shoppe.
 13680 | D:11     | Noticed a purple ugly thing
 13684 | D:11     | Found a frozen archway.
 13693 | D:11     | Noticed a cyan ugly thing
 13693 | D:11     | Offered knowledge of Conjure Flame by Vehumet.
 13698 | D:11     | Killed a purple ugly thing
 13707 | D:11     | Killed a cyan ugly thing
 13707 | D:11     | Reached skill level 5 in Necromancy
 13713 | D:11     | Reached *** piety under Vehumet
 13814 | D:11     | Offered knowledge of Static Discharge by Vehumet.
 14241 | IceCv    | Entered an ice cave
 14677 | IceCv    | Mangled by an ice devil

Skill      XL: |  1  2  3  4  5  6  7  8  9 10 11 |
---------------+----------------------------------+-----
Conjurations   | 5 6 7 8 10 | 10.0
Fighting       | 2 6 10 | 10.4
Spellcasting   | 3 4 5 6 |  6.8
Dodging        | 4 |  4.0
Stealth        | 4 |  4.3
Evocations     | 2 4 5 6 |  6.0
Polearms       | 2 |  2.1
Necromancy     | 6 |  6.3

Action                   |  1- 3 |  4- 6 |  7- 9 | 10-12 || total
-------------------------+-------+-------+-------+-------++-------
Melee: Dagger            |    80 |    84 |       |    34 ||   198
       Short sword       |     3 |       |       |       ||     3
       Tailslap          |     4 |     8 |    25 |    29 ||    66
       Trident           |       |    12 |   231 |   184 ||   427
Throw: Tomahawk          |       |       |     2 |       ||     2
 Cast: Magic Dart        |    28 |    12 |    18 |     7 ||    65
       Searing Ray       |     1 |    23 |    50 |    43 ||   117
       Iskenderun's Myst |       |       |     5 |     7 ||    12
       Fulminant Prism   |       |       |       |     1 ||     1
 Abil: Breathe Noxious F |       |       |       |     8 ||     8
Evoke: Wand              |       |     1 |     1 |    14 ||    16
       Sack of spiders   |       |       |       |     3 ||     3
  Use: Potion            |       |     1 |       |     5 ||     6
       Scroll            |       |       |    21 |    11 ||    32
 Stab: Sleeping          |     4 |     3 |     3 |     8 ||    18
       Paralysed         |       |     1 |       |       ||     1
       Distracted        |       |       |     3 |     1 ||     4
       Confused          |       |       |       |     2 ||     2
  Eat: Chunk             |     4 |     7 |    21 |    13 ||    45
       Ration            |       |     1 |     1 |     1 ||     3
Armor: Skin              |    26 |    36 |   105 |   127 ||   294
Dodge: Dodged            |    46 |    83 |   241 |   220 ||   590
